 Dungeon Crawl Stone Soup version 0.27-a0-1154-gfdeffcb720 (webtiles) character file.

Game seed: 9891633126758988785

54 chippings the Caller (level 3, -3/26 HPs)
             Began as a Mummy Summoner on May 14, 2021.
             Slain by Sigmund
             ... wielding a +0 scythe
              (4 damage)
             ... on level 3 of the Dungeon.
             The game lasted 00:03:51 (2931 turns).

chippings the Caller (Mummy Summoner)               Turns: 2931, Time: 00:03:52

Health: -3/26      AC:  5    Str: 12    XL:     3   Next: 66%
Magic:  8/8        EV: 10    Int: 14    God:
Gold:   10         SH:  0    Dex: 12    Spells: 6/9 levels left

rFire    x . .     SeeInvis .   d - +0 dagger
rCold    + . .     Faith    .   (no shield)
rNeg     + + +     Spirit   .   e - +0 ring mail
rPois    ∞         Reflect  .   (no helmet)
rElec    .         Harm     .   (no cloak)
rCorr    .         Rampage  .   (no gloves)
Will     .....                  (no boots)
Stlth    ..........             (no amulet)
HPRegen  0.08/turn              (no ring)
MPRegen  0.11/turn              (no ring)

@: confused
A: cold resistance 1, negative energy resistance 3, torment resistance 2, heat
vulnerability 1, no potions
a: no special abilities


You were on level 3 of the Dungeon.
You visited 1 branch of the dungeon, and saw 3 of its levels.

You collected 10 gold pieces.

Inventory:

Hand Weapons
 d - a +0 dagger (weapon)
Armour
 e - a +0 ring mail (worn)
Scrolls
 a - 4 scrolls of identify {unknown}
 b - 2 scrolls of teleportation {unknown}
 c - 2 scrolls of amnesia {unknown}
 f - a scroll of summoning {unknown}
 g - a scroll of holy word {unknown}


   Skills:
 + Level 1.2 Fighting
 - Level 1.5 Dodging
 + Level 2.1 Stealth
 + Level 3.6 Spellcasting
 + Level 3.6 Summonings


You had 6 spell levels left.
You knew the following spells:

 Your Spells              Type           Power      Damage    Failure   Level
a - Summon Small Mammal   Summ           48%        N/A       11%         1
b - Call Imp              Summ           12%        N/A       16%         2

Your spell library contained the following spells:

 Spells                   Type           Power      Damage    Failure   Level
 Call Canine Familiar     Summ           12%        N/A       30%         3
 Summon Guardian Golem    Hex/Summ       7%         N/A       54%         3
 Summon Ice Beast         Ice/Summ       7%         N/A       91%         4
 Summon Lightning Spire   Summ/Air       7%         N/A       91%         4


Dungeon Overview and Level Annotations

Branches:
Dungeon (3/15)

Altars:

Annotations:
D:3 Sigmund


Innate Abilities, Weirdness & Mutations

You are immune to poison.
Your flesh is cold resistant. (rC+)
You are immune to negative energy. (rN+++)
You are immune to unholy pain and torment.
You are vulnerable to heat. (rF-)
You do not drink.


Message History

Found a robe and a scroll labelled LILIDI HEAGYFFOSS.
There is a stone staircase leading up here.
Found a halberd.
g - a scroll labelled LILIDI HEAGYFFOSS
Found a fuming coppery potion.
A rat comes into view.
An orc comes into view. It is wielding a +0 short sword.
Found a falchion.
Sigmund the Dreaded comes into view.
He is wielding a +0 scythe.
Sigmund shouts!
The orc shouts!
You hear a shout!
An orc comes into view. It is wielding a +2 vorpal flail.
An orc comes into view. It is wielding a +0 short sword.
The orc shouts!
Sigmund giggles. "Time to reap what you sow."
Sigmund points at you and mumbles some strange words.
You are confused.
A ball python comes into view.
An orc and an orc priest come into view.
The orc shouts!
Found a scroll labelled NIRGHU AKIMAS.
The ball python hisses angrily.
The rat completely misses you.
The orc priest invokes the aid of Beogh against you.
Beogh smites you!
Ouch! That really hurt!
The rat bites you but does no damage.
Sigmund gestures at himself while chanting.
Sigmund flickers and vanishes!
Deactivating autopickup; reactivate with Ctrl-A.
A hobgoblin comes into view.
The orc hits you but does no damage.
The orc priest looks satisfied for a moment.
Something hits you!
* * * LOW HITPOINT WARNING * * *
Found a dagger.
You completely miss the orc. The rat bites you but does no damage.
The orc hits you with a +0 short sword.
* * * LOW HITPOINT WARNING * * *
The orc hits you but does no damage. Something hits you.
You die...

..[..................
.............#........
.##..................
##........#..........
......................
.#.....#..............
#..#.................
......................
...##..#.....r@......)
.. #........ooo.)....
#..#...S...{......
.......####.o......
.......# .o.......
....... #.g......
...... .........
......?.#


You could see an orc priest, 4 orcs, a hobgoblin, a ball python and a rat.

Vanquished Creatures
  An adder (D:2)
  A dart slug (D:1)
  2 endoplasms (D:1)
  A giant cockroach (D:2)
  3 goblins (D:1)
  2 kobolds (D:2)
  A quokka (D:2)
  A ball python (D:1)
  3 frilled lizards
  4 rats
19 creatures vanquished.

Vanquished Creatures (collateral kills)
  An adder (D:2)
  2 worms (D:2)
  A dart slug (D:1)
  3 ball pythons (D:1)
  A bat (D:2)
  2 endoplasms (D:2)
  2 goblins
  2 hobgoblins (D:1)
  5 kobolds
  A quokka (D:1)
  A frilled lizard (D:1)
21 creatures vanquished.

Grand Total: 40 creatures vanquished

Notes
Turn   | Place    | Note
-------+----------+-------------------------------------------
     0 | D:1      | chippings the Mummy Summoner began the quest for the Orb.
     0 | D:1      | Reached XP level 1. HP: 13/13 MP: 4/4
   462 | D:1      | Reached XP level 2. HP: 17/20 MP: 4/6
  1723 | D:2      | Reached skill level 1 in Fighting
  1723 | D:2      | Reached XP level 3. HP: 19/26 MP: 3/7
  2142 | D:2      | Learned a level 2 spell: Call Imp
  2925 | D:3      | Noticed Sigmund
  2931 | D:3      | HP: 1/26 [orc/+0 short sword (1)]
  2931 | D:3      | Slain by Sigmund

Illustrated notes

Levels and vault maps discovered:
D:1:      minmay_arrival_glassed_features, layout_loops_corners
D:2:      layout_loops_cross
D:3:      layout_rooms, hellmonk_ecumenical_altar_leap_of_faith, uniq_sigmund

Skill      XL: |  1  2  3 |
---------------+----------+-----
Spellcasting   | 3 |  3.6
Fighting       | 1 |  1.2
Stealth        | 2 |  2.1
Dodging        | |  1.5
Summonings     | |  3.6

Action                   || total
-------------------------++-------
Melee: Unarmed           ||    29
       Dagger            ||   105
 Cast: Summon Small Mamm ||    42
       Call Imp          ||     7
 Stab: Sleeping          ||     2
       Distracted        ||     1
Armor: Robe              ||     9
       Ring mail         ||    22
Dodge: Dodged            ||    98

Table legend: (Time is in decaauts)
 A = Elapsed time spent in this place.
 B = Non-inter-level travel time spent in this place.
 C = Inter-level travel time spent in this place.
 D = Time resting spent in this place.
 E = Time spent auto-exploring this place.
 F = Levels seen in this place.
 G = Mean time per level.
                   A        B        C        D        E       F      G
               +--------+--------+--------+--------+--------+-----+--------+
         Total |   2930 |   2881 |     49 |      0 |   2259 |   3 |  976.7 |
       Dungeon |   2930 |   2881 |     49 |      0 |   2259 |   3 |  976.7 |
               +--------+--------+--------+--------+--------+-----+--------+

Top non-repeatable levels by time:
     D:1: 1652 daAuts
     D:2: 1259 daAuts
     D:3: 17 daAuts
